 Dungeon Crawl Stone Soup version 0.30-a0-728-gc68057be0a (webtiles) character file.

Game seed: 5977629242934016250

709 porpoise the Cleaver (level 7, -3/56 (64) HPs)
             Began as a Hill Orc Monk on Feb 1, 2023.
             Slain by a wight
             ... wielding a +0 morningstar
              (12 damage)
             ... on level 4 of the Dungeon.
             The game lasted 00:15:40 (4056 turns).

porpoise the Cleaver (Hill Orc Monk)                Turns: 4056, Time: 00:15:40

HP:   -3/56 (64)    AC:  6    Str: 15 (16) XL:     7   Next: 68%
MP:   7/7           EV:  9    Int: 10      God:
Gold: 284           SH:  0    Dex: 10 (13) Spells: 6/6 levels left

rFire   . . .      SeeInvis .    a - +1 hand axe (freeze)
rCold   . . .      Faith    .    (no shield)
rNeg    . . .      Spirit   .    p - +0 scale mail
rPois   .          Reflect  .    (no helmet)
rElec   .          Harm     .    (no cloak)
rCorr   .          Rampage  .    (no gloves)
Will    .....                    (no boots) Stlth
                                 (no amulet)
HPRegen 0.29/turn                (no ring)
MPRegen 0.10/turn                (no ring)

@: heavily drained
A: no striking features
a: no special abilities


You were on level 4 of the Dungeon.
You visited 1 branch of the dungeon, and saw 4 of its levels.

You collected 284 gold pieces.

Inventory:

Hand Weapons
 a - a +1 hand axe of freezing (weapon)
 g - a +0 dagger of venom
Missiles
 h - 2 curare-tipped darts (quivered)
Armour
 p - a +0 scale mail (worn)
Wands
 e - a wand of acid (7)
Scrolls
 d - 3 scrolls of blinking {unknown}
 f - a scroll of identify
 k - a scroll of amnesia {unknown}
 l - 2 scrolls of enchant weapon {unknown}
 n - 2 scrolls of torment {unknown}
 o - 2 scrolls of magic mapping {unknown}
 q - a scroll of teleportation {unknown}
Potions
 b - a potion of flight
 c - a potion of magic
 i - a potion of resistance
 j - a potion of mutation
 m - 2 potions of brilliance
 r - a potion of heal wounds
 s - 2 potions of curing {unknown}


   Skills:
 + Level 6.6 Fighting
 * Level 9.7 Axes
 - Level 2.4 Dodging
 - Level 1.5 Stealth


You had 6 spell levels left.
You didn't know any spells.
Your spell library contained the following spells:

 Spells                   Type           Power      Damage    Failure   Level
 Ignite Poison            Fire/Tmut/Pois 0%         N/A       99%         3
 Sticky Flame             Conj/Fire      0%         2d3       100%        4
 Ignition                 Fire           0%         3d3       100%        8


Dungeon Overview and Level Annotations

Branches:
Dungeon (4/15)
 Temple: D:4-7

Altars:
Cheibriados
Nemelex Xobeh
Wu Jian


Message History

The wight hits you with a +3 mace.
* * * LOW HITPOINT WARNING * * *
You feel drained.
You closely miss the wight.
The wight is almost destroyed.
You feel much better. The wight hits you with a +3 mace!
You barely miss the wight.
The wight is almost destroyed.
The wight barely misses you.
You slash the wight!
You destroy the wight!
You feel your strength returning.
You hit the wight but do no damage. The wight closely misses you.
You hit the wight.
The wight is lightly damaged.
The wight barely misses you.
You closely miss the wight.
The wight is lightly damaged.
You hit the wight.
The wight is moderately damaged.
The wight closely misses you.
You slash the wight!
The wight is severely damaged.
The wight completely misses you.
You hit the wight but do no damage.
The wight is severely damaged.
The wight hits you with a +0 morningstar.
You feel drained.
You hit the wight.
The wight is almost destroyed.
The wight hits you with a +0 morningstar!
* * * LOW HITPOINT WARNING * * *
You feel drained.
* * * LOW HITPOINT WARNING * * *
You hit the wight but do no damage.
The wight is severely damaged.
You barely miss the wight.
The wight is severely damaged.
The wight hits you with a +0 morningstar!
You die...

#..# .# #..# #
#..# ###### #..#
.....# #..#
#..... ##..#
#.##z# #...#
#.##.#
#.#.####.##.##
#.#...)..@z..#
#.#.##.#.###.#
########.#.##.#.#
...
..............#.#
####
#######..######.#
#..# #.. #..# ###
#..# #..#


You could see a wight.

Vanquished Creatures
  Grinder (D:4)
  Sigmund (D:3)
  2 wights (D:4)
  An orc priest (D:4)
  A hound (D:4)
  Ijyb (D:3)
  Terence (D:3)
  3 adders
  4 gnolls (D:2)
  A white imp (D:3)
  A dart slug (D:3)
  3 orcs
  3 ball pythons
  9 endoplasms
  2 giant cockroaches (D:1)
  8 goblins
  4 hobgoblins
  2 quokkas
  2 bats (D:1)
  5 frilled lizards
  6 kobolds
  3 rats
64 creatures vanquished.

Vanquished Creatures (others)
  13 plants (D:2)
13 creatures vanquished.

Grand Total: 77 creatures vanquished

Notes
Turn   | Place    | Note
-------+----------+-------------------------------------------
     0 | D:1      | porpoise the Hill Orc Monk began the quest for the Orb.
     0 | D:1      | Reached XP level 1. HP: 19/19 MP: 1/1
   250 | D:1      | Reached XP level 2. HP: 26/27 MP: 2/2
  1163 | D:2      | Reached skill level 5 in Axes
  1230 | D:2      | Reached XP level 3. HP: 31/33 MP: 3/3
  1383 | D:2      | Found a faded altar of an unknown god.
  1709 | D:2      | Reached XP level 4. HP: 37/41 MP: 4/4
  1716 | D:2      | Reached skill level 6 in Axes
  2170 | D:3      | Found a snail-covered altar of Cheibriados.
  2338 | D:3      | Found an ornate altar of the Wu Jian Council.
  2343 | D:3      | Noticed a spectral centipede
  2343 | D:3      | Noticed a spectral black mamba
  2343 | D:3      | Noticed a spectral cane toad
  2467 | D:3      | Noticed Terence
  2476 | D:3      | Killed Terence
  2477 | D:3      | Reached XP level 5. HP: 20/47 MP: 5/5
  2757 | D:3      | Noticed Ijyb
  2777 | D:3      | Killed Ijyb
  2778 | D:3      | Reached skill level 5 in Fighting
  3086 | D:3      | Noticed Sigmund
  3096 | D:3      | Killed Sigmund
  3097 | D:3      | Reached skill level 8 in Axes
  3097 | D:3      | Reached XP level 6. HP: 38/57 MP: 6/6
  3313 | D:4      | Found a sparkling altar of Nemelex Xobeh.
  3318 | D:4      | Noticed Grinder
  3321 | D:4      | Paralysed by Grinder for 5 turns
  3353 | D:4      | Killed Grinder
  3354 | D:4      | Reached skill level 9 in Axes
  3354 | D:4      | Reached XP level 7. HP: 24/63 MP: 7/7
  4056 | D:4      | Slain by a wight

Illustrated notes

Levels and vault maps discovered:
D:1:      minmay_arrival_floating_metal, layout_basic
D:2:      layout_loops_ring, hellmonk_ecumenical_altar_pennies_from_heaven,
          minmay_misc_feat_tower, minmay_crystal_room, nicolae_grassy_gnolls
D:3:      layout_basic, pdpol_wu_jian_five_deadly_venoms,
          mainiacjoe_overflow_alcove_2, uniq_sigmund, uniq_terence, uniq_ijyb
D:4:      layout_loops_ring, amcnicky_altar_gilded, uniq_grinder

Skill      XL: |  1  2  3  4  5  6 |
---------------+-------------------+-----
Fighting       | 4 5 6 |  6.6
Axes           | 5 6 8 9 |  9.7
Dodging        | |  2.4
Stealth        | |  1.5

Action                     |  1- 3 |  4- 6 |  7- 9 || total
---------------------------+-------+-------+-------++-------
  Melee: Hand axe          |    98 |    70 |    61 ||   229
         Punch             |     2 |     1 |       ||     3
         Unarmed           |     7 |     9 |       ||    16
  Throw: Dart              |       |     5 |       ||     5
    Use: Scroll            |     3 |     2 |     2 ||     7
         Potion            |     1 |     3 |     1 ||     5
   Stab: Sleeping          |     2 |     1 |       ||     3
         Invisible         |       |     1 |       ||     1
 Armour: Robe              |     5 |       |       ||     5
         Leather armour    |     9 |     2 |       ||    11
         Skin              |     6 |     3 |       ||     9
         Scale mail        |       |     9 |    15 ||    24
  Dodge: Dodged            |    53 |    14 |    26 ||    93

Table legend: (Time is in decaauts)
 A = Elapsed time spent in this place.
 B = Non-inter-level travel time spent in this place.
 C = Inter-level travel time spent in this place.
 D = Time resting spent in this place.
 E = Time spent auto-exploring this place.
 F = Levels seen in this place.
 G = Mean time per level.
                   A        B        C        D        E       F      G
               +--------+--------+--------+--------+--------+-----+--------+
         Total |   4066 |   3958 |    108 |   1087 |   2221 |   4 | 1016.5 |
       Dungeon |   4066 |   3958 |    108 |   1087 |   2221 |   4 | 1016.5 |
               +--------+--------+--------+--------+--------+-----+--------+

Top non-repeatable levels by time:
     D:1: 1150 daAuts
     D:3: 1144 daAuts
     D:2: 1033 daAuts
     D:4: 738 daAuts
